 Dungeon Crawl Stone Soup version 0.29-a0-925-g0a7a3d12f8 (webtiles) character file.

Game seed: 14004980432215852391

80796 jt the Unforgettable (level 15, -6/111 HPs)
             Began as a Palentonga Hedge Wizard on July 28, 2022.
             Was the Champion of Hepliaklqana.
             Killed from afar by Louise (20 damage)
             ... with a bolt of lightning
             ... on level 14 of the Dungeon.
             The game lasted 02:12:22 (31719 turns).

jt the Unforgettable (Palentonga Hedge Wizard)     Turns: 31719, Time: 02:12:23

Health: -6/111     AC: 36    Str: 28    XL:     15   Next: 24%
Magic:  3/29       EV:  8    Int: 16    God:    Hepliaklqana [******]
Gold:   831        SH:  0    Dex: 14    Spells: 14/35 levels left

rFire   + . .      SeeInvis +   a - +5 broad axe (elec)
rCold   + . .      Faith    +   (no shield)
rNeg    + . .      Spirit   .   v - +3 ring mail {rF+}
rPois   +          Reflect  .   c - +0 hat "Tolodam" {rC+ Dex+4}
rElec   .          Harm     .   P - +2 cloak {Will+}
rCorr   +          Rampage  .   k - +1 pair of gloves {Str+3}
Will    ++...                   W - +10 Black Knight's barding {ponderous, rPois rN+}
Stlth   ++........              m - amulet of faith
HPRegen 0.28/turn               X - ring of resist corrosion
MPRegen 0.21/turn               I - +6 ring of strength

@: curled up, slow
A: reduced essence, large, rugged brown scales 3, see invisible, deformed body,
roll 1, armoured tail, reflexive curl, mutation resistance 1
a: Rolling Charge, Renounce Religion, Recall Ancestor, Ancestor Identity,
Transference, Idealise


You were on level 14 of the Dungeon.
You worshipped Hepliaklqana.
Hepliaklqana was exalted by your worship.
You visited 5 branches of the dungeon, and saw 25 of its levels.
You also visited: Trove.

You collected 2292 gold pieces.
You spent 1461 gold pieces at shops.

Inventory:

Hand Weapons
 a - a +5 broad axe of electrocution (weapon)
 f - the +6 great sword of Tartarus {speed, rElec rN+}
   (You found it on level 14 of the Dungeon)

   Attacks with this weapon are significantly faster.
   rElec:     It insulates you from electricity.
   rN:        It protects you from negative energy.
 q - the +8 trident of Anguish {vorpal, Str+4 Int+4 Dex+3}
   (You found it on level 13 of the Dungeon)

   It inflicts extra damage upon your enemies.
   Str:       It affects your strength (+4).
   Int:       It affects your intelligence (+4).
   Dex:       It affects your dexterity (+3).
 C - a +0 sling
 F - a +2 flail of protection
Missiles
 b - a silver boomerang
 y - 4 javelins
 z - 35 poisoned darts
 T - 3 curare-tipped darts
Armour
 c - the +0 hat "Tolodam" (worn) {rC+ Dex+4}
   (You found it in a treasure trove)

   Dex:       It affects your dexterity (+4).
   rC:        It protects you from cold.
 i - the +8 chain mail of Ru, Protecting {rPois Will+}
   (You found it in a treasure trove)

   rPois:     It protects you from poison.
   Will:      It increases your willpower.
 k - a +1 pair of gloves of strength (worn)
 s - the +2 barding "Myosopp" {rC++ Str+4}
   (You found it in a treasure trove)

   Str:       It affects your strength (+4).
   rC:        It greatly protects you from cold.
 v - a +3 ring mail of fire resistance (worn)
 L - a scarf of repulsion
 P - a +2 cloak of willpower (worn)
 W - the +10 Black Knight's barding (worn) {ponderous, rPois rN+}
   (You bought it in a shop on level 4 of the Dungeon)

   rPois:     It protects you from poison.
   rN:        It protects you from negative energy.
Jewellery
 m - an amulet of faith (around neck)
 A - a ring of fire
 B - a ring of protection from cold
 G - a +4 ring of protection
 H - a ring of positive energy
 I - a +6 ring of strength (right hand)
 X - a ring of resist corrosion (left hand)
Wands
 t - a wand of roots (3)
 w - a wand of polymorph (27)
 Q - a wand of flame (45)
 Z - a wand of paralysis (8)
Scrolls
 d - 2 scrolls of butterflies
 e - 2 scrolls of magic mapping
 g - a scroll of summoning
 p - 4 scrolls of immolation
 D - 12 scrolls of blinking
 J - 9 scrolls of identify
 K - 5 scrolls of poison
 O - a scroll of fear
 U - 8 scrolls of teleportation
Potions
 h - 7 potions of ambrosia
 o - 12 potions of curing
 r - a potion of invisibility
 u - 2 potions of heal wounds
 x - 5 potions of haste
 E - a potion of brilliance
 M - 2 potions of flight
 R - 6 potions of magic
 S - 3 potions of mutation
 V - 3 potions of berserk rage
 Y - a potion of resistance
Miscellaneous
 j - a condenser vane
 l - a phial of floods
 n - a lightning rod (4/4)
 N - a phantom mirror


   Skills:
 + Level 10.0 Fighting
 + Level 10.5(10.6) Axes
 - Level 2.0(6.3) Polearms
 - Level 2.0 Throwing
 - Level 3.7 Armour
 - Level 4.2 Dodging
 - Level 5.0 Stealth
 + Level 10.7 Spellcasting
 + Level 10.0 Conjurations
 - Level 0.7 Summonings
 - Level 4.6 Translocations
 - Level 3.0 Air Magic
 - Level 3.0 Poison Magic
 + Level 13.5 Invocations
 - Level 5.0 Evocations


You had 14 spell levels left.
You knew the following spells:

 Your Spells              Type           Power      Damage    Failure   Level
a - Magic Dart            Conj           100%       1d8       1%          1
b - Blink                 Tloc           46%        N/A       2%          2
c - Call Imp              Summ           10%        N/A       14%         2
d - Mephitic Cloud        Conj/Pois/Air  25%        N/A       4%          3
e - Scorch                Fire           16%        2d6       19%         2
f - Poisonous Vapours     Pois/Air       36%        N/A       5%          2
g - Apportation           Tloc           46%        N/A       1%          1
h - Stone Arrow           Conj/Erth      48%        3d10      4%          3
i - Iskenderun's Battles  Conj           40%        2d9       5%          5

Your spell library contained the following spells:

 Spells                   Type           Power      Damage    Failure   Level
 Conjure Flame            Conj/Fire      24%        6-21      4%          3
 Gell's Gravitas          Tloc           23%        N/A       5%          3
 Summon Small Mammal      Summ           40%        N/A       10%         1
 Beastly Appendage        Tmut           16%        N/A       12%         1
 Freeze                   Ice            32%        1d5       12%         1
 Necrotise                Necr           32%        1d5       12%         1
 Sandblast                Erth           16%        2d6       12%         1
 Slow                     Hex            32%        N/A       12%         1
 Portal Projectile        Hex/Tloc       32%        N/A       14%         3
 Flame Wave               Conj/Fire      24%        2d8       16%         4
 Hailstorm                Conj/Ice       24%        3d7       16%         4
 Passwall                 Tmut/Erth      6%         N/A       19%         2
 Wereblood                Tmut           8%         N/A       19%         2
 Spider Form              Tmut/Pois      13%        N/A       21%         3
 Ignite Poison            Fire/Tmut/Pois 11%        N/A       24%         3
 Frozen Ramparts          Ice            16%        1d3       36%         3
 Ozocubu's Armour         Ice            8%         N/A       36%         3
 Tukima's Dance           Hex            8%         N/A       36%         3
 Fireball                 Conj/Fire      12%        3d7       41%         5
 Manifold Assault         Tloc           23%        N/A       45%         5
 Corpse Rot               Necr/Pois/Air  15%        N/A       47%         4
 Freezing Cloud           Conj/Ice/Air   11%        6-21      50%         5
 Summon Forest            Summ/Tloc      8%         N/A       75%         5
 Conjure Ball Lightning   Conj/Air       14%        3x3d6     78%         6
 Orb of Destruction       Conj           20%        9d8       86%         7
 Blade Hands              Tmut           4%         N/A       98%         5
 Metabolic Englaciation   Hex/Ice        4%         N/A       98%         5
 Eringya's Noxious Bog    Tmut/Pois      6%         N/A       100%        6
 Simulacrum               Ice/Necr       4%         N/A       100%        6
 Summon Cactus Giant      Summ           5%         N/A       100%        6
 Storm Form               Tmut/Air       6%         N/A       100%        7
 Summon Hydra             Summ           5%         N/A       100%        7


Dungeon Overview and Level Annotations

Branches:
Dungeon (15/15)            Temple (1/1) D:6            Lair (5/5) D:11
 Shoals (0/4) Lair:3       Spider (2/4) Lair:3        Slime (0/5) Lair:4
    Orc (2/2) D:9             Elf (0/3) Orc:2        Vaults (0/5) D:13
 Depths (0/4) D:15

Altars:
Ashenzari
Cheibriados
Dithmenos
Elyvilon
Fedhas
Gozag
Hepliaklqana
Kikubaaqudgha
Makhleb
Nemelex Xobeh
Okawaru
Qazlal
Ru
Sif Muna
Trog
Uskayaw
Vehumet
Wu Jian
Xom
Yredelemnul
Zin
The Shining One

Shops:
D:4 [   D:6 ?   D:14 =   Orc:1 !   Orc:2 [(*:[

Portals:
Abyss: D:14

Annotations:
D:14 2 transporters, Louise; nago's ghost, journeyman DjEn


Innate Abilities, Weirdness & Mutations

Your life essence is reduced to manifest your ancestor. (-10% HP)
You are completely covered in rugged brown scales. (AC +3, +7% HP)
You have supernaturally acute eyesight. (SInv)
Armour fits poorly on your strangely shaped body.
You can roll at nearby foes to attack.
You have a long armoured tail.
You curl defensively after being hit. (AC +7*)
You are somewhat resistant to further mutation.


Message History

The acid dragon roars!
The acid dragon spits acid at you.
The splash of acid hits you but does no damage.
Aiming: Paralyse
Press: ? - help, Shift-Dir - straight line, f - acid dragon
Aim: an acid dragon (chance to affect: 62%)
The acid dragon suddenly stops moving!
Found a tin of tremorstones (2/2).
Roll where?
Press: ? - help, Dir - move target, f/p - acid dragon
Aim: an acid dragon (paralysed)
You roll forward with a clatter of scales!
A boulder beetle comes into view.
The helpless acid dragon fails to defend itself.
You slash the acid dragon!
You tail-slap the acid dragon, but do no damage.
The acid dragon is moderately wounded.
You hear a shout!
Okay, then.
The helpless acid dragon fails to defend itself.
You slash the acid dragon!
Lightning courses through the acid dragon!
You kill the acid dragon!
Louise the Corrupted comes into view.
She is wielding a +2 eveningstar of protection and wearing a +0 chain mail of positive energy.
Press: ? - help, v - describe, . - travel
Here: Louise, wielding a +2 eveningstar of protection, wearing a +0 chain mail of positive energy and wearing a +0 tower shield The floor.
Unknown command.
Casting: Stone Arrow (mildly dangerous; 4% risk of failure)
Confirm with . or Enter, or press ? or * to list all spells.
You don't have enough magic to cast this spell.
Aiming: Paralyse
Press: ? - help, Shift-Dir - straight line, f - boulder beetle
Aim: a boulder beetle (chance to affect: 44%)
The boulder beetle resists with some effort.
The boulder beetle bites you!!
* * * LOW HITPOINT WARNING * * *
Louise points at you and mumbles some strange words.
The bolt of lightning hits you!!
You die...

}....................
.....................
. #..................
..
##.................
...
#.................
.@.
#..°.....###......
#.. #........# ##....
#..#.°.....## ....
#..@..##### ....
##.B### ... ##.. ..
##.. #. ###..........
## #............
............
#..........#
#.........#


You could see Louise and a boulder beetle.

Vanquished Creatures
  Jorgrun (D:13)
  An entropy weaver (Spider:1)
  2 hydras (Lair:5)
  A boulder beetle (Spider:1)
  A jorogumo (Spider:1)
  A centaur warrior (D:13)
  3 catoblepae
  A two-headed ogre (D:12)
  Urug (D:13)
  2 orc high priests (Orc:2)
  9 death yaks
  A pharaoh ant (Lair:3)
  2 steelbarb worms
  An orc knight (D:12)
  2 wizards (D:13)
  Pikel (D:6)
  2 wolf spiders (Spider:1)
  3 manticores
  An orc sorcerer (Orc:1)
  6 ugly things
  2 cyclopes (D:13)
  Maurice (D:9)
  A black mamba (Lair:3)
  A gargoyle (D:13)
  A kobold demonologist (D:10)
  5 komodo dragons
  2 cane toads
  A demonic crawler (Lair:3)
  A rime drake (shapeshifter) (D:14)
  A rime drake (Lair:5)
  A tengu conjurer (D:13)
  A merfolk (Lair:3)
  2 polar bears (Lair:3)
  2 trolls (D:13)
  Grinder (D:6)
  A tarantella (Lair:3)
  6 blink frogs
  2 slime creatures (D:13)
  3 jumping spiders
  6 culicivoras (Spider:1)
  3 vampires
  A spriggan (shapeshifter) (D:12)
  61 yaks
  A wraith (D:11)
  5 wyverns
  5 basilisks
  14 humans (D:13)
  5 vampire mosquitoes
  A steam dragon (D:9)
  7 redbacks
  An acid dragon (D:14)
  6 water moccasins
  8 orc warriors
  An ice beast (D:6)
  2 ogres
  6 wolves
  6 centaurs
  2 lemures (D:6)
  3 kobold brigands
  3 bullfrogs (Lair:1)
  3 scorpions (Lair:3)
  5 wights
  3 electric eels
  A jelly (Lair:4)
  17 orc priests
  3 hounds
  Jessica (D:2)
  An iguana (D:5)
  15 orc wizards
  3 hexers
  4 gnolls (D:6)
  5 adders
  A shadow imp (D:5)
  A white imp (D:7)
  An ufetubus (D:5)
  2 worms (D:4)
  4 dart slugs
  55 orcs
  3 bats
  10 endoplasms
  2 giant cockroaches
  7 goblins
  6 hobgoblins
  15 kobolds
  2 quokkas
  5 ball pythons
  2 frilled lizards
  5 rats
406 creatures vanquished.

Vanquished Creatures (collateral kills)
  An orc warlord (Orc:1)
  The ghost of Protee the Fighter, a journeyman BaIE (Lair:2)
  Josephine (D:9)
  2 vault guards (D:13)
  A hydra (Lair:1)
  An ogre mage (D:13)
  A catoblepas (Lair:5)
  6 death yaks
  2 orc high priests (Orc:2)
  A wizard (D:13)
  2 orc knights
  A necromancer (D:13)
  A wolf spider (Spider:2)
  4 ugly things
  An oklob plant (Lair:3)
  2 orc sorcerers (Orc:2)
  A black mamba (Lair:5)
  2 unseen horrors
  3 cane toads
  A rime drake (Lair:4)
  A komodo dragon (Lair:1)
  A demonic crawler (Lair:3)
  5 polar bears
  2 slime creatures (D:13)
  3 blink frogs
  2 jumping spiders
  Sigmund (D:4)
  23 yaks
  4 humans (D:13)
  5 wraiths
  2 basilisks
  5 redbacks
  2 vampire mosquitoes
  A warg (Orc:1)
  Edmund (D:4)
  5 water moccasins
  3 black bears
  15 orc warriors
  An ogre (Orc:1)
  4 wolves
  A phantom (D:4)
  A lemure (D:6)
  Blork the orc (D:6)
  A kobold brigand (D:10)
  2 bullfrogs
  2 necrophages (D:6)
  5 scorpions
  A howler monkey (D:11)
  An electric eel (D:10)
  3 jellies
  24 orc priests
  Crazy Yiuf (D:6)
  2 gnoll boudas (D:6)
  An iguana (D:4)
  12 orc wizards
  4 gnolls (D:6)
  5 adders
  2 worms
  33 orcs
  2 endoplasms (D:4)
  A hobgoblin (D:4)
  5 kobolds
  A bush (Lair:1)
232 creatures vanquished.

Vanquished Creatures (others)
  An orc wizard (D:13)
  25 hexers
  An ancestor (D:4)
  56 fungi
  119 plants
  11 toadstools (Lair:3)
213 creatures vanquished.

Grand Total: 851 creatures vanquished

Notes
Turn   | Place    | Note
-------+----------+-------------------------------------------
     0 | D:1      | jt the Palentonga Hedge Wizard began the quest for the Orb.
     0 | D:1      | Reached XP level 1. HP: 13/13 MP: 4/4
    37 | D:1      | Reached skill level 1 in Fighting
   189 | D:1      | Reached XP level 2. HP: 23/23 MP: 4/6
   192 | D:1      | Learned a level 2 spell: Blink
   195 | D:1      | Learned a level 2 spell: Call Imp
  1399 | D:2      | Reached XP level 3. HP: 26/29 MP: 7/7
  1539 | D:2      | Noticed Jessica
  1549 | D:2      | Killed Jessica
  1735 | D:2      | Reached XP level 4. HP: 39/39 MP: 3/8
  1994 | D:2      | Found a faded altar of an unknown god.
  1999 | D:2      | Prayed at the altar of an unknown god.
  1999 | D:2      | Became a worshipper of Hepliaklqana the Forgotten
  1999 | D:2      | Reached * piety under Hepliaklqana
  2348 | D:3      | Found an opulent altar of Gozag.
  3155 | D:4      | Reached ** piety under Hepliaklqana
  3156 | D:4      | Remembered your ancestor Appius as a hexer
  3226 | D:4      | Reached XP level 5. HP: 41/41 MP: 7/9
  3433 | D:4      | Reached skill level 5 in Fighting
  3447 | D:4      | Found a shimmering blue altar of Sif Muna.
  3513 | D:4      | Noticed a phantom
  3531 | D:4      | Killed a phantom
  3532 | D:4      | Reached XP level 6. HP: 27/50 MP: 10/10
  3855 | D:4      | Found a shimmering altar of Xom.
  3867 | D:4      | Found Otteit's Armour Boutique.
  3926 | D:4      | Reached *** piety under Hepliaklqana
  3934 | D:4      | Noticed Sigmund
  3941 | D:4      | Killed Sigmund
  4119 | D:4      | Noticed Edmund
  4141 | D:4      | Killed Edmund
  4142 | D:4      | Gained mutation: You curl defensively after being hit. (AC
                  | +7*) [Palentonga growth]
  4142 | D:4      | Reached XP level 7. HP: 24/59 MP: 5/11
  4409 | D:5      | Entered Level 5 of the Dungeon
  4778 | D:5      | Reached skill level 1 in Armour
  4800 | D:5      | Reached XP level 8. HP: 35/65 MP: 13/13
  5101 | D:5      | Learned a level 3 spell: Mephitic Cloud
  5201 | D:5      | Reached skill level 1 in Conjurations
  5287 | D:5      | Reached **** piety under Hepliaklqana
  5479 | D:6      | Found a glowing silver altar of Zin.
  5500 | D:6      | Found a staircase to the Ecumenical Temple.
  5506 | Temple   | Entered the Ecumenical Temple
  5971 | D:6      | Reached skill level 1 in Air Magic
  5971 | D:6      | Reached skill level 1 in Poison Magic
  5983 | D:6      | Gained mutation: You have a somewhat thin skeletal
                  | structure. (Dex +2, Stealth+) [potion of mutation]
  5983 | D:6      | Gained mutation: You are frail. (-10% HP) [potion of
                  | mutation]
  6036 | D:6      | Noticed Pikel
  6481 | D:6      | Noticed Grinder
  6483 | D:6      | Noticed Blork the orc
  6492 | D:6      | Killed Blork the orc
  6495 | D:6      | Killed Grinder
  6496 | D:6      | Reached XP level 9. HP: 14/63 MP: 11/15
  6774 | D:6      | Found Qumoam's Magic Scroll Emporium.
  6782 | D:6      | Bought a scroll of magic mapping for 97 gold pieces
  6782 | D:6      | Bought a scroll of poison for 52 gold pieces
  6782 | D:6      | Bought a scroll of fear for 52 gold pieces
  6782 | D:6      | Bought a scroll of blinking for 97 gold pieces
  6835 | D:6      | Found a runed translucent door.
  6836 | D:6      | Noticed Crazy Yiuf
  6844 | D:6      | Killed Crazy Yiuf
  7336 | D:7      | Reached ***** piety under Hepliaklqana
  7338 | D:7      | Identified the +6 chain mail "Irorphas" {-Tele Contam Int+5
                  | Stlth+}
  7531 | D:7      | Found an ancient bone altar of Kikubaaqudgha.
  7701 | D:8      | Found the +18 Lear's hauberk
  8369 | D:8      | Learned a level 2 spell: Scorch
  8621 | D:8      | Found a sparkling altar of Nemelex Xobeh.
  8676 | D:9      | Reached skill level 5 in Spellcasting
  8694 | D:9      | Noticed Maurice
  9256 | D:9      | Identified the +3 glaive "Nadutymm" {vorpal, Will- Int+3
                  | Dex+3 Stlth+}
  9271 | D:9      | Reached XP level 10. HP: 40/69 MP: 9/18
  9371 | D:9      | Killed Maurice
  9530 | D:9      | Found a staircase to the Orcish Mines.
 10220 | D:8      | Reached skill level 5 in Conjurations
 10918 | Orc:1    | Entered Level 1 of the Orcish Mines
 10918 | Orc:1    | Found Qoptur's Distillery.
 10957 | Orc:1    | Bought a potion of heal wounds for 55 gold pieces
 11093 | Orc:1    | Reached skill level 1 in Polearms
 11118 | Orc:1    | Noticed an orc warlord
 11363 | D:10     | Entered Level 10 of the Dungeon
 11555 | D:10     | Found a broken altar of Ashenzari.
 11615 | D:10     | Reached ****** piety under Hepliaklqana
 11632 | D:10     | Found an ornate altar of the Wu Jian Council.
 11842 | D:10     | Found a snail-covered altar of Cheibriados.
 11844 | D:10     | Found a hide-covered altar of Uskayaw.
 12272 | D:10     | Reached XP level 11. HP: 54/73 MP: 13/23
 12846 | D:11     | Noticed a white ugly thing
 12866 | D:11     | Reached skill level 1 in Invocations
 12871 | D:11     | Killed a white ugly thing
 12903 | D:11     | Reached skill level 2 in Invocations
 13177 | D:11     | Found a staircase to the Lair.
 13373 | D:11     | Noticed a purple ugly thing
 13379 | D:11     | Reached skill level 3 in Invocations
 13411 | D:11     | Killed a purple ugly thing
 13867 | Lair:1   | Entered Level 1 of the Lair of Beasts
 13895 | Lair:1   | Reached skill level 4 in Invocations
 14159 | Lair:1   | Reached skill level 5 in Invocations
 14477 | Lair:1   | Noticed a six-headed hydra
 15052 | Orc:1    | Noticed Josephine
 15247 | D:9      | Killed Josephine
 15333 | Orc:1    | Reached XP level 12. HP: 46/80 MP: 16/25
 15345 | Orc:1    | Killed an orc warlord
 15346 | Orc:1    | Reached skill level 1 in Throwing
 15346 | Orc:1    | Reached skill level 6 in Invocations
 15862 | D:4      | Bought the +10 Black Knight's barding {ponderous, rPois
                  | rN+} for 887 gold pieces
 15862 | D:4      | Found the +10 Black Knight's barding {ponderous, rPois rN+}
 15966 | Orc:1    | Reached skill level 10 in Spellcasting
 15975 | Orc:1    | Reached skill level 1 in Evocations
 16113 | Orc:1    | Found a burning altar of Makhleb.
 16271 | Orc:2    | Entered Level 2 of the Orcish Mines
 16659 | Orc:2    | Found a burning altar of Makhleb.
 16722 | Orc:2    | Noticed an orc high priest
 16740 | Orc:2    | Killed an orc high priest
 16970 | Orc:2    | Reached skill level 7 in Invocations
 16990 | Orc:2    | Noticed an orc high priest
 16998 | Orc:2    | Killed an orc high priest
 17132 | Orc:2    | Noticed an orc high priest
 17139 | Orc:2    | Killed an orc high priest
 17241 | Orc:2    | Found a staircase to the Elven Halls.
 17325 | Orc:2    | Found Afyvugis's Armour Shoppe.
 17325 | Orc:2    | Found Kaili's Antique Weapon Emporium.
 17325 | Orc:2    | Found Vyoqo's Assorted Antiques.
 17330 | Orc:2    | Found Mevuryow's Book Shoppe.
 17333 | Orc:2    | Noticed an orc high priest
 17396 | Orc:2    | Killed an orc high priest
 17508 | Orc:2    | Bought a runed war axe for 221 gold pieces
 17545 | Orc:2    | Found Ykhoreem's Armour Shoppe.
 17553 | Orc:2    | Found a bloodstained altar of Trog.
 17921 | Lair:1   | Killed a six-headed hydra
 17925 | Lair:1   | Reached skill level 1 in Axes
 18492 | Lair:1   | Reached skill level 10 in Conjurations
 18916 | Lair:2   | Learned a level 2 spell: Poisonous Vapours
 18927 | Lair:2   | Reached skill level 8 in Invocations
 19052 | Lair:2   | Noticed a catoblepas
 19064 | Lair:2   | Killed a catoblepas
 19065 | Lair:2   | Reached XP level 13. HP: 71/85 MP: 24/27
 19251 | Lair:2   | You fall into a shaft and drop 1 floor!
 19628 | Lair:2   | Found a runed translucent door.
 19628 | Lair:2   | Noticed Protee's ghost (journeyman BaIE)
 19646 | Lair:2   | Killed Protee's ghost
 20109 | Lair:3   | Reached skill level 5 in Evocations
 20324 | Lair:3   | Found a sacrificial altar of Ru.
 20564 | Lair:3   | Reached skill level 9 in Invocations
 20570 | Lair:3   | Found a hole to the Spider Nest.
 20674 | Lair:3   | Found a blossoming altar of Fedhas.
 21063 | Lair:3   | Found a staircase to the Shoals.
 21376 | Lair:4   | Reached skill level 5 in Axes
 21979 | Lair:4   | Reached skill level 10 in Invocations
 22180 | Lair:4   | Found a staircase to the Slime Pits.
 22846 | Lair:5   | Entered Level 5 of the Lair of Beasts
 23032 | Lair:5   | Found an ancient bone altar of Kikubaaqudgha.
 23465 | Lair:5   | Reached XP level 14. HP: 40/90 MP: 10/28
 24026 | Lair:5   | Reached skill level 5 in Stealth
 24175 | Lair:5   | Reached skill level 11 in Invocations
 24947 | D:6      | Killed Pikel
 25467 | D:12     | You fall into a shaft and drop 3 floors!
 25467 | D:15     | Entered Level 15 of the Dungeon
 25499 | D:15     | Reached skill level 12 in Invocations
 25853 | D:14     | Found Jadism's Jewellery Emporium.
 26021 | D:13     | Noticed Jorgrun
 26243 | D:12     | Lost mutation: You are frail. (-10% HP) [potion of
                  | mutation]
 26243 | D:12     | Lost mutation: You have a somewhat thin skeletal structure.
                  | (Dex +2, Stealth+) [potion of mutation]
 26243 | D:12     | Gained mutation: You are dopey. (Int -2) [potion of
                  | mutation]
 26243 | D:12     | Lost mutation: You are dopey. (Int -2) [potion of mutation]
 26243 | D:12     | Gained mutation: You are somewhat resistant to further
                  | mutation. [potion of mutation]
 26597 | D:13     | Noticed Urug
 26607 | D:13     | Killed Urug
 26836 | Spider:1 | Entered Level 1 of the Spider Nest
 26852 | Lair:3   | Learned a level 1 spell: Apportation
 29374 | Spider:1 | Got the Parchment of Allied Transposition
 29680 | Spider:2 | Noticed an emperor scorpion
 30115 | D:13     | Reached skill level 13 in Invocations
 30548 | D:13     | Identified the +8 trident of Anguish {vorpal, Str+4 Int+4
                  | Dex+3}
 30583 | D:13     | Reached XP level 15. HP: 110/110 MP: 23/29
 30673 | D:13     | Found a portal to a secret trove of treasure.
 30710 | D:13     | You paid a toll of 4 scrolls of fear to enter a treasure
                  | trove
 30711 | Trove    | Entered a treasure trove
 30715 | Trove    | Identified the +0 hat "Paughue" {Harm Rampage +Blink rC++}
 30717 | Trove    | Identified the +0 hat "Tolodam" {rC+ Dex+4}
 30727 | Trove    | Identified the +0 cloak of the Armoured One {Harm *Slow
                  | rElec rC-}
 30729 | Trove    | Identified the +8 chain mail of Ru, Protecting {rPois
                  | Will+}
 30733 | Trove    | Identified the +1 cloak "Midwod" {Dex+3 Stlth+}
 30735 | Trove    | Identified the +2 barding "Myosopp" {rC++ Str+4}
 30873 | D:13     | Reached skill level 10 in Axes
 30979 | D:13     | Killed Jorgrun
 31452 | D:13     | Reached skill level 10 in Fighting
 31468 | D:13     | Learned a level 3 spell: Stone Arrow
 31500 | D:13     | Found a gate to the Vaults.
 31518 | D:13     | Learned a level 5 spell: Iskenderun's Battlesphere
 31626 | D:14     | Found a transporter.
 31633 | D:14     | Found a transporter.
 31643 | D:14     | Found a one-way gate to the infinite horrors of the Abyss.
 31643 | D:14     | Noticed nago's ghost (journeyman DjEn)
 31648 | D:14     | Identified the +6 great sword of Tartarus {speed, rElec
                  | rN+}
 31718 | D:14     | Noticed Louise
 31719 | D:14     | Killed from afar by Louise

Illustrated notes

Levels and vault maps discovered:
D:1:      eino_arrival_cavern_a, layout_basic, minmay_vboxes
D:2:      layout_basic, chequers_ecumenical_altar_simple_redux, serial_rivers,
          chequers_serial_rivers_micro_c, chequers_serial_rivers_small_b,
          chequers_serial_rivers_small_a, chequers_serial_rivers_room_a,
          chequers_serial_rivers_room_b, kennysheep_small_spiral, uniq_jessica
D:3:      layout_basic, lemuel_round_altar
D:4:      layout_gridville, mainiacjoe_overflow_catwalk, tgw_sif, serial_shops,
          shop_fountains, chequers_serial_rivers_large_b, minivault_19,
          uniq_sigmund, uniq_edmund
D:5:      layout_cave_pools
D:6:      layout_basic, lemuel_round_altar, minmay_temple_entry_hall,
          serial_shops, nicolae_shop_waterfront, supply_closet_lemuel,
          uniq_pikel, uniq_crazy_yiuf_cottage, uniq_blork_the_orc, uniq_grinder
D:7:      nicolae_cairo_tiling_large, layout_rooms, mainiacjoe_overflow_alcove_2
D:8:      layout_loops_corners, mainiacjoe_overflow_alcove_1
D:9:      layout_loops_ring, erik_orc_4, uniq_maurice
D:10:     layout_gridville, nicolae_overflow_squiral, evilmike_ruin_ashenzari,
          nicolae_wu_jian_immortal_techniques
D:11:     layout_roguey, minmay_lair_entry_grove, minivault_16
D:12:     layout_loops_ring
D:13:     minmay_curly_fans, layout_basic, grunt_vaults_entry_tiered,
          trove_entry_hex_spiral, chequers_serial_rivers_small_b,
          amcnicky_mini_pool_medium, uniq_urug, uniq_jorgrun
D:14:     layout_cave_pods, serial_shops, nicolae_stop_n_shop_1,
          gammafunk_ghost_abyssal_escape, infiniplex_staircase_river,
          uniq_louise
D:15:     gammafunk_enter_depths_forms, layout_basic
Temple:   hc_temple_tempest_star
Lair:1:   layout_regular_city, infiniplex_staircase_pool
Lair:2:   layout_roguey, gammafunk_ghost_grave
Lair:3:   beast_lair_carwin_large_2, layout_regular_city,
          elwin_shoals_entry_rooms, nicolae_spider_entry_non_spiders,
          basic_altar, tgw_fedhas
Lair:4:   layout_gridlike, nicolae_slime_entry_slimehenge, beast_lair_carwin_2
Lair:5:   evilmike_catoblepas_cave, layout_regular_city, basic_altar
Spider:1: layout_chambers, nicolae_spider_webs_and_nodes
Spider:2: nicolae_spider_hilbert_zone_6 [nicolae_spider_hilbert_4_sides_1_open,
          nicolae_spider_hilbert_4_sides_1_open,
          nicolae_spider_hilbert_4_sides_1_open,
          nicolae_spider_hilbert_4_sides_1_open,
          nicolae_spider_hilbert_4_sides_1_open,
          nicolae_spider_hilbert_4_sides_1_open,
          nicolae_spider_hilbert_4_sides_1_open], drop_trap,
          nicolae_spider_scorpion_nest
Orc:1:    layout_caves, basic_altar, serial_shops, shop, uniq_josephine
Orc:2:    st_orc_mages, layout_caves, basic_altar, serial_shops,
          nicolae_shop_statue_plus, bloody_makhleb

Skill      XL: |  1  2  3  4  5  6  7  8  9 10 11 12 13 14 15 |
---------------+----------------------------------------------+-----
Fighting       | 1 2 3 4 5 7 9 10 | 10.0
Armour         | 1 2 3 |  3.7
Dodging        | 2 3 4 |  4.2
Translocations | 2 3 4 |  4.6
Conjurations   | 2 4 7 8 10 | 10.0
Spellcasting   | 4 5 8 9 10 | 10.7
Air Magic      | 1 3 |  3.0
Poison Magic   | 2 3 |  3.0
Polearms       | 2 |  2.0
Invocations    | 5 8 10 13 | 13.5
Throwing       | 2 |  2.0
Evocations     | 4 5 |  5.0
Axes           | 2 6 9 10 | 10.5
Stealth        | 4 5 |  5.0
Summonings     | |  0.7

Action                   |  1- 3 |  4- 6 |  7- 9 | 10-12 | 13-15 || total
-------------------------+-------+-------+-------+-------+-------++-------
Melee: Dagger            |    65 |    94 |    83 |    10 |       ||   252
       Tailslap          |     8 |    12 |    43 |    87 |   117 ||   267
       Punch             |       |     1 |     5 |     6 |     9 ||    21
       Spear             |       |       |   177 |    38 |       ||   215
       Trident           |       |       |       |   369 |       ||   369
       Flail             |       |       |       |    44 |       ||    44
       War axe           |       |       |       |    68 |   364 ||   432
       Broad axe         |       |       |       |       |   202 ||   202
 Fire: Sling             |       |       |       |     5 |     2 ||     7
Throw: Dart              |       |     5 |    25 |    97 |    37 ||   164
       Boomerang         |       |       |     3 |     2 |     1 ||     6
 Cast: Magic Dart        |    54 |    70 |    40 |   125 |    34 ||   323
       Blink             |       |     1 |     7 |    15 |    20 ||    43
       Mephitic Cloud    |       |       |    16 |    69 |    69 ||   154
       Scorch            |       |       |       |     3 |    16 ||    19
       Poisonous Vapours |       |       |       |     1 |    90 ||    91
       Stone Arrow       |       |       |       |       |     7 ||     7
       Iskenderun's Batt |       |       |       |       |     2 ||     2
Invok: Ancestor Life: He |       |     1 |       |       |       ||     1
       Recall Ancestor   |       |       |     1 |     8 |     8 ||    17
       Transference      |       |       |       |       |     1 ||     1
 Abil: Rolling Charge    |     5 |    20 |    25 |    31 |    79 ||   160
Evoke: Wand              |       |       |     4 |     4 |     4 ||    12
  Use: Scroll            |       |       |    13 |     5 |    14 ||    32
       Potion            |       |       |     5 |     7 |     4 ||    16
 Stab: Sleeping          |     2 |     1 |     3 |     5 |       ||    11
       Confused          |       |     1 |     8 |    31 |    50 ||    90
       Distracted        |       |     1 |     3 |     4 |     6 ||    14
       Invisible         |       |       |       |     1 |       ||     1
       Paralysed         |       |       |       |       |     6 ||     6
Armor: Robe              |    13 |    13 |    90 |   202 |   323 ||   641
       Ring mail         |       |       |       |       |    99 ||    99
Dodge: Dodged            |    21 |    38 |   111 |   223 |   230 ||   623

Table legend: (Time is in decaauts)
 A = Elapsed time spent in this place.
 B = Non-inter-level travel time spent in this place.
 C = Inter-level travel time spent in this place.
 D = Time resting spent in this place.
 E = Time spent auto-exploring this place.
 F = Levels seen in this place.
 G = Mean time per level.
                   A        B        C        D        E       F      G
               +--------+--------+--------+--------+--------+-----+--------+
         Total |  32883 |  30853 |   2030 |  10161 |  12976 |  26 | 1264.7 |
       Dungeon |  18409 |  17233 |   1176 |   5679 |   7567 |  15 | 1227.3 |
        Temple |    224 |    193 |     31 |     34 |      5 |   1 |  224.0 |
          Lair |   9067 |   8456 |    611 |   2811 |   3586 |   5 | 1813.4 |
   Spider Nest |   2246 |   2112 |    134 |    604 |   1191 |   2 | 1123.0 |
  Orcish Mines |   2895 |   2819 |     76 |   1033 |    626 |   2 | 1447.5 |
         Trove |     39 |     39 |      0 |      0 |      0 |   1 |   39.0 |
               +--------+--------+--------+--------+--------+-----+--------+

Top non-repeatable levels by time:
     D:9: 2799 daAuts
  Lair:3: 2369 daAuts
Spider:1: 2223 daAuts
  Lair:4: 1869 daAuts
  Lair:5: 1835 daAuts
  Lair:1: 1712 daAuts
   Orc:1: 1681 daAuts
    D:12: 1655 daAuts
     D:4: 1590 daAuts
     D:6: 1521 daAuts
     D:8: 1506 daAuts
    D:11: 1472 daAuts
    D:10: 1351 daAuts
  Lair:2: 1280 daAuts
    D:13: 1274 daAuts
